 Dungeon Crawl Stone Soup version 0.27.0-1-g7a089689b8 (webtiles) character file.

Game seed: 12462097528176777826

12397 inmateoo the Carver (level 11, -4/72 HPs)
             Began as a Gargoyle Fighter on Aug 7, 2021.
             Was a Priest of the Shining One.
             Slain by a two-headed ogre (6 damage)
             ... summoned by an orange crystal statue
             ... on level 10 of the Dungeon.
             The game lasted 00:08:37 (7929 turns).

inmateoo the Carver (Gargoyle Fighter)              Turns: 7929, Time: 00:08:37

Health: -4/72      AC: 23    Str: 23      XL:     11   Next: 92%
Magic:  16/16      EV: 10    Int:  8 (9)  God:    the Shining One [***...]
Gold:   469        SH:  0    Dex:  9      Spells: 10/10 levels left

rFire    . . .     SeeInvis .   e - +2 quarterstaff (spect)
rCold    . . .     Faith    .   (shield currently unavailable)
rNeg     + + +     Spirit   .   j - +1 chain mail
rPois    ∞         Reflect  .   (no helmet)
rElec    +         Harm     .   (no cloak)
rCorr    .         Rampage  .   (no gloves)
Will     .....                  (no boots)
Stlth    ..........             v - amulet of regeneration
HPRegen  1.22/turn              i - +4 ring of protection
MPRegen  0.15/turn              m - ring of positive energy

@: glowing
A: sickness immunity, AC +8, negative energy resistance 1, electricity
resistance, torment resistance 1, petrification resistance
a: Renounce Religion, Divine Shield


You were on level 10 of the Dungeon.
You worshipped the Shining One.
The Shining One was most pleased with you.
You visited 2 branches of the dungeon, and saw 11 of its levels.

You collected 469 gold pieces.

Inventory:

Hand Weapons
 a - a +1 flail
 e - a +2 spectral quarterstaff (weapon)
 w - a +0 long sword
Missiles
 h - 6 silver javelins (quivered)
Armour
 c - a +0 kite shield
 j - a +1 chain mail (worn)
 r - the +0 tower shield "Beczus" {rN+ Will- Regen+}
   (You found it on level 4 of the Dungeon)

   rN:        It protects you from negative energy.
   Regen:     It increases your rate of health regeneration.
   Will:      It decreases your willpower.
Jewellery
 i - a +4 ring of protection (left hand)
 m - a ring of positive energy (right hand)
 n - a ring of fire
 v - an amulet of regeneration (around neck)
 x - an amulet of faith
Wands
 q - a wand of acid (12)
 s - a wand of flame (14)
 A - a wand of mindburst (11)
 B - a wand of digging (3)
 C - a wand of iceblast (10)
Scrolls
 g - 2 scrolls of enchant weapon
 u - 2 scrolls of teleportation
 y - a scroll of identify
 D - a scroll of summoning
 E - a scroll of brand weapon {unknown}
Potions
 b - a potion of flight
 d - 2 potions of might
 f - a potion of haste
 k - 2 potions of brilliance
 l - a potion of magic
 o - a potion of heal wounds {unknown}
 p - a potion of lignification
 t - 3 potions of curing
 z - a potion of resistance {unknown}


   Skills:
 + Level 9.8 Fighting
 * Level 10.0 Long Blades
 - Level 2.6 Maces & Flails
 - Level 8.0 Armour
 - Level 6.0 Dodging
 - Level 7.0 Shields
 - Level 7.0 Invocations


You had 10 spell levels left.
You didn't know any spells.
Your spell library contained the following spells:

 Spells                   Type           Power      Damage    Failure   Level
 Beastly Appendage        Tmut           0%         N/A       95%         1
 Shock                    Conj/Air       0%         1d3       95%         1
 Ensorcelled Hibernation  Hex/Ice        0%         N/A       99%         2
 Wereblood                Tmut           0%         N/A       99%         2
 Call Canine Familiar     Summ           0%         N/A       100%        3
 Portal Projectile        Hex/Tloc       0%         N/A       100%        3
 Spider Form              Tmut/Pois      0%         N/A       100%        3
 Swiftness                Air            0%         N/A       100%        3
 Tukima's Dance           Hex            0%         N/A       100%        3
 Airstrike                Air            0%         N/A       100%        4
 Leda's Liquefaction      Hex/Erth       0%         N/A       100%        4
 Passage of Golubria      Tloc           N/A        N/A       100%        4
 Yara's Violent Unravell  Hex/Tmut       0%         3d3       100%        5
 Shadow Creatures         Summ           N/A        N/A       100%        6


Dungeon Overview and Level Annotations

Branches:
Dungeon (10/15)            Temple (1/1) D:5            Lair (0/6) D:8
    Orc (0/2) D:10

Altars:
Ashenzari
Cheibriados
Dithmenos
Elyvilon
Fedhas
Gozag
Hepliaklqana
Kikubaaqudgha
Makhleb
Nemelex Xobeh
Okawaru
Qazlal
Ru
Sif Muna
Trog
Uskayaw
Vehumet
Wu Jian
Xom
Yredelemnul
Zin
The Shining One

Shops:
D:1 [?:   D:7 (

Annotations:
D:2 Sigmund
D:10 exclusion: orange crystal statue


Innate Abilities, Weirdness & Mutations

You are immune to sickness and miasma.
Your stone body is resilient. (AC +8)
You are immune to poison.
You resist negative energy. (rN+)
You are resistant to electric shocks. (rElec)
You are resistant to unholy torment.
You are immune to petrification.


Message History

You see here 17 gold pieces.
A yak comes into view.
The yak bellows!
The orange crystal statue glitters topaz in the dim dungeon light.
The orange crystal statue glitters.
The gargoyle hits you but does no damage.
The two-headed ogre hits you with a +0 giant club.
The two-headed ogre hits you but does no damage.
The yak moves out of view.
Found 23 bolts.
Unknown command.
You hit the orange crystal statue but do no damage.
Your spectral +2 spectral quarterstaff hits the orange crystal statue!
The yak gores your spectral +2 spectral quarterstaff!
Your spectral weapon shares its damage with you!
A yak comes into view.
The gargoyle hits you with a +0 flail.
The yak completely misses your spectral +2 spectral quarterstaff.
Unknown command.
You sock the orange crystal statue!
The orange crystal statue is moderately damaged.
Your spectral +2 spectral quarterstaff hits the orange crystal statue but does no damage.
The two-headed ogre hits you with a +0 giant club.
The two-headed ogre hits you with a +0 giant club!
A yak comes into view.
The two-headed ogre closely misses you.
The two-headed ogre hits you but does no damage.
The yak gores your spectral +2 spectral quarterstaff!
Your spectral weapon shares its damage with you!
The gargoyle hits you but does no damage.
The yak barely misses your spectral +2 spectral quarterstaff.
The yak moves out of view.
Unknown command.
You hit the orange crystal statue but do no damage.
The orange crystal statue is moderately damaged.
Your spectral +2 spectral quarterstaff hits the orange crystal statue but does no damage.
The two-headed ogre hits you with a +0 giant club!!
* * * LOW HITPOINT WARNING * * *
The two-headed ogre hits you with a +0 giant club.
You die...

###. #.⌠.##..#####..
.....####'##..## #.#
#.............# #.#
##.####.......>#####.#
......................
##.#..#........###....
#.#.(..######## #....
#..O9O.## #....
#.Y(@#Z.# #....
#.Y#8#|.# #....
.....?###(.# #....
####..Y)(.## ##...
#.#..... ##[.
#..Y##... #.. ....
..## #.# ##.## ..(


You could see an orange crystal statue, 2 two-headed ogres, 4 yaks, a gargoyle
(summoned), a centaur warrior zombie (summoned) and a friendly spectral +2
spectral quarterstaff (summoned).

Vanquished Creatures
  A two-headed ogre (D:9)
  An ugly thing (D:7)
  Maggie (D:7)
  2 kobold demonologists (D:6)
  A troll (D:9)
  A hornet (D:9)
  A wraith (D:7)
  A wyvern (D:6)
  5 yaks (D:9)
  An acid dragon (D:6)
  A water moccasin (D:6)
  A sky beast (D:5)
  A hornet zombie (D:7)
  4 orc warriors
  An ice beast (D:5)
  A black bear (D:6)
  3 ogres
  2 centaurs (D:7)
  A phantom (D:6)
  6 kobold brigands
  A gnoll sergeant (D:6)
  3 bullfrogs
  4 scorpions
  A wyvern skeleton (D:6)
  10 killer bees
  2 wights
  2 centaur zombies
  3 bullfrog zombies (D:5)
  6 hounds
  3 jellies
  6 orc priests
  3 centaur skeletons
  Jessica (D:2)
  5 iguanas
  8 orc wizards
  A killer bee zombie (D:8)
  2 hound skeletons (D:4)
  8 gnolls
  8 adders
  A white imp (D:7)
  A worm (D:3)
  2 dart slugs
  31 orcs
  14 endoplasms
  3 giant cockroaches
  9 goblins
  6 hobgoblins
  7 jackals
  34 kobolds
  2 quokkas (D:1)
  10 ball pythons
  6 bats
  5 frilled lizards
  3 rats (D:1)
247 creatures vanquished.

Vanquished Creatures (others)
  7 fungi (D:2)
  6 plants (D:8)
  7 toadstools (D:2)
20 creatures vanquished.

Grand Total: 267 creatures vanquished

Notes
Turn   | Place    | Note
-------+----------+-------------------------------------------
     0 | D:1      | inmateoo the Gargoyle Fighter began the quest for the Orb.
     0 | D:1      | Reached XP level 1. HP: 14/14 MP: 1/1
    91 | D:1      | Found a faded altar of an unknown god.
   121 | D:1      | Reached XP level 2. HP: 15/19 MP: 2/2
   260 | D:1      | Found Hemm's Magic Scroll Shoppe.
   269 | D:1      | Found Doned's Book Boutique.
   278 | D:1      | Reached XP level 3. HP: 13/23 MP: 3/3
   579 | D:1      | Found Dyicrin's Armour Shop.
  1030 | D:2      | Noticed Sigmund
  1189 | D:3      | Reached XP level 4. HP: 19/29 MP: 4/4
  1620 | D:3      | Found a radiant altar of Vehumet.
  1989 | D:4      | Noticed an ogre
  2205 | D:4      | Found an opulent altar of Gozag.
  2205 | D:4      | Found a glowing silver altar of Zin.
  2329 | D:4      | Killed an ogre
  2330 | D:4      | Reached XP level 5. HP: 12/34 MP: 5/5
  2544 | D:4      | Reached skill level 1 in Dodging
  2544 | D:4      | Reached XP level 6. HP: 29/39 MP: 6/6
  2761 | D:4      | Identified the +0 tower shield "Beczus" {rN+ Will- Regen+}
  3105 | D:2      | Noticed Jessica
  3112 | D:2      | Killed Jessica
  3399 | D:2      | Reached skill level 5 in Fighting
  3399 | D:2      | Reached skill level 5 in Armour
  3399 | D:2      | Reached skill level 5 in Shields
  3765 | D:5      | Entered Level 5 of the Dungeon
  3768 | D:5      | Reached XP level 7. HP: 42/44 MP: 7/7
  3776 | D:5      | Found a staircase to the Ecumenical Temple.
  3793 | Temple   | Entered the Ecumenical Temple
  3946 | Temple   | Became a worshipper of the Shining One
  4253 | D:5      | Found a burning altar of Makhleb.
  4308 | D:5      | Reached XP level 8. HP: 39/51 MP: 8/8
  4786 | D:6      | Reached * piety under the Shining One
  4792 | D:6      | Reached skill level 1 in Invocations
  4991 | D:6      | Reached XP level 9. HP: 56/56 MP: 10/10
  5144 | D:6      | Found a bloodstained altar of Trog.
  5319 | D:6      | Found a shimmering altar of Xom.
  5378 | D:6      | Noticed a kobold demonologist
  5378 | D:6      | Noticed a kobold demonologist
  5387 | D:6      | Noticed a soul eater
  5387 | D:6      | Killed a kobold demonologist
  5399 | D:6      | Killed a kobold demonologist
  5639 | D:7      | Found a blossoming altar of Fedhas.
  5650 | D:7      | Reached ** piety under the Shining One
  5744 | D:7      | Reached skill level 5 in Dodging
  5784 | D:7      | Noticed Maggie
  5789 | D:7      | Reached skill level 5 in Invocations
  5789 | D:7      | Reached XP level 10. HP: 64/64 MP: 13/13
  5818 | D:7      | Killed Maggie
  5825 | D:7      | Found Zomere's Weapon Shop.
  5827 | D:7      | Found a sparkling altar of Nemelex Xobeh.
  6180 | D:7      | Noticed a brown ugly thing
  6186 | D:7      | Killed a brown ugly thing
  6416 | D:7      | Reached skill level 8 in Long Blades
  6416 | D:7      | Reached XP level 11. HP: 71/71 MP: 15/15
  6464 | D:7      | Reached skill level 9 in Long Blades
  6516 | D:8      | Found a hazy altar of Hepliaklqana.
  6556 | D:8      | Identified the +6 rapier of Ohafy {pain, rN++}
  6820 | D:8      | Found a staircase to the Lair.
  7024 | D:9      | Found an ancient bone altar of Kikubaaqudgha.
  7136 | D:9      | Found an iron altar of Okawaru.
  7159 | D:9      | Noticed a two-headed ogre
  7165 | D:9      | Killed a two-headed ogre
  7804 | D:10     | Entered Level 10 of the Dungeon
  7845 | D:10     | Noticed an orange crystal statue
  7846 | D:10     | Found a staircase to the Orcish Mines.
  7901 | D:10     | Reached skill level 10 in Long Blades
  7925 | D:10     | Noticed a two-headed ogre
  7927 | D:10     | Noticed a two-headed ogre
  7928 | D:10     | Reached *** piety under the Shining One
  7929 | D:10     | HP: 2/72 [two-headed ogre[an orange crystal statue] (24)]
  7929 | D:10     | Slain by a two-headed ogre

Illustrated notes

Levels and vault maps discovered:
D:1:      minmay_arrival_split_and_join, layout_rooms, serial_shops, shop, shop,
          nicolae_shop_waterfront, basic_ecumenical_altar
D:2:      cheibrodos_fertilizer, layout_basic, minmay_split_cup_small,
          uniq_jessica, uniq_sigmund
D:3:      layout_basic, lemuel_crystal_altar
D:4:      layout_loops_ring, grunt_temple_overflow_gold_and_silver
D:5:      layout_loops_ring, mainiacjoe_overflow_six_doors_small,
          minmay_temple_entry_large_hall, st_stairs_4
D:6:      layout_loops_ring, kennysheep_little_box, mainiacjoe_overflow_chevrons
D:7:      layout_basic, serial_shops, nicolae_shop_trees,
          hangedman_feature_mirror, uniq_maggie
D:8:      layout_basic, nicolae_hepliaklqana_hazy_memory, dpeg_oklobed_lair,
          st_stairs_3, minmay_crossroads
D:9:      layout_gridville, mainiacjoe_overflow_large_starburst
D:10:     layout_basic, orc_0_dummy, enter_trove_0, gammafunk_ghost_ooze,
          grunt_decor_arrowhead, minmay_protected_statue, uniq_nergalle
Temple:   dshaligram_water_room_temple

Skill      XL: |  1  2  3  4  5  6  7  8  9 10 11 |
---------------+----------------------------------+-----
Shields        | 4 5 6 7 |  7.0
Fighting       | 4 5 6 8 9 |  9.8
Armour         | 4 5 6 8 |  8.0
Dodging        | 1 2 3 5 6 |  6.0
Invocations    | 2 5 6 7 |  7.0
Long Blades    | 8 10 | 10.0
Maces & Flails | |  2.6

Action                   |  1- 3 |  4- 6 |  7- 9 | 10-12 || total
-------------------------+-------+-------+-------+-------++-------
Melee: Flail             |   166 |    41 |       |       ||   207
       Quarterstaff      |       |    63 |   189 |   183 ||   435
Throw: Javelin           |       |     3 |       |       ||     3
Evoke: Wand              |       |       |     4 |     1 ||     5
  Use: Scroll            |     3 |     8 |     6 |     3 ||    20
       Potion            |       |       |       |     1 ||     1
Armor: Scale mail        |   115 |       |       |       ||   115
       Chain mail        |    13 |    48 |   134 |   188 ||   383
Dodge: Dodged            |    76 |    25 |    92 |   122 ||   315
Block: Kite shield       |   117 |    18 |       |       ||   135
